 Dungeon Crawl Stone Soup version 0.30.1-11-g7821555f0a (webtiles) character file.

Game seed: 863122280402018738

9690 Peloso the Carver (level 11, -5/100 HPs)
             Began as a Minotaur Fighter on Dec 22, 2023.
             Was an Elder of Okawaru.
             Slain by a catoblepas (7 damage)
             ... summoned by a boggart
             ... while petrified by a catoblepas
             ... in a Gauntlet.
             The game lasted 00:24:43 (12190 turns).

Peloso the Carver (Minotaur Fighter)               Turns: 12190, Time: 00:24:44

Health: -5/100     AC: 17    Str: 21    XL:     11   Next: 26%
Magic:  0/10       EV:  2    Int:  5    God:    Okawaru [****..]
Gold:   707        SH:  0    Dex: 14    Spells: 10/10 levels left

rFire   + . .        a - +1 long sword (freeze)
rCold   . . .        d - +0 buckler
rNeg    + + +        y - +0 plate armour
rPois   ∞            (helmet restricted)
rElec   .            H - +1 cloak {rCorr}
rCorr   +            (no gloves)
SInv    .            (no boots)
Will    .....        A - amulet of guardian spirit Stlth
                     j - ring of poison resistance
HPRegen 0.36/turn    n - ring of protection from fire
MPRegen 0.12/turn

%: no teleportation, guardian spirit
@: petrified
A: horns 2, retaliatory headbutt
a: Renounce Religion, Heroism, Finesse


You were in a Gauntlet.
You worshipped Okawaru.
Okawaru was greatly pleased with you.
You visited 2 branches of the dungeon, and saw 12 of its levels.
You also visited: Sewer and Gauntlet.

You collected 707 gold pieces.

Inventory:

Hand Weapons
 a - a +1 long sword of freezing (weapon)
Missiles
 k - a throwing net (quivered)
Armour
 b - a +0 scale mail
 c - a +0 chain mail
 d - a +0 buckler (worn)
 y - a +0 plate armour (worn)
 H - a +1 cloak of preservation (worn)
Jewellery
 j - a ring of poison resistance (left hand)
 n - a ring of protection from fire (right hand)
 A - an amulet of guardian spirit (around neck)
 J - a ring of resist corrosion
 O - a ring of flight
 P - a +6 ring of strength
Wands
 o - a wand of flame (36)
 q - a wand of quicksilver (7)
 F - a wand of iceblast (1)
 L - a wand of polymorph (6)
Scrolls
 f - 2 scrolls of teleportation
 g - a scroll of immolation
 h - a scroll of noise
 i - 3 scrolls of enchant armour
 p - 2 scrolls of fear
 D - a scroll of blinking
 K - 2 scrolls of magic mapping
 M - a scroll of torment {unknown}
 N - a scroll of silence {unknown}
Potions
 l - 2 potions of might
 m - 4 potions of curing
 r - 3 potions of heal wounds
 s - 3 potions of magic
 v - 2 potions of mutation
 w - 3 potions of brilliance {unknown}
 x - a potion of experience {unknown}
 z - 2 potions of berserk rage {unknown}
 C - 2 potions of haste {unknown}
 E - 4 potions of flight {unknown}
 G - a potion of lignification {unknown}


   Skills:
 + Level 10.2 Fighting
 + Level 12.6 Long Blades
 + Level 11.7 Armour
 + Level 2.2 Dodging
 + Level 1.4 Stealth
 + Level 8.6 Shields
 + Level 0.4 Invocations
 + Level 1.7 Evocations


You had 10 spell levels left.
You didn't know any spells.
Your spell library contained the following spells:

 Spells                   Type           Power      Damage    Failure   Level
 Vhi's Electric Charge    Tloc/Air       0%         N/A       100%        3
 Arcjolt                  Conj/Air       0%         1d10      100%        5
 Maxwell's Capacitive Co  Air            0%         ∞         100%        8


Dungeon Overview and Level Annotations

Branches:
Dungeon (11/15)            Temple (1/1) D:4            Lair (0/5) D:11
    Orc (0/2) D:9           Sewer (visited)         Gauntlet (1/1)

Altars:
Ashenzari
Cheibriados
Dithmenos
Elyvilon
Fedhas
Gozag
Hepliaklqana
Kikubaaqudgha
Makhleb
Nemelex Xobeh
Okawaru
Qazlal
Ru
Sif Muna
Trog
Uskayaw
Vehumet
Wu Jian
Xom
Yredelemnul
Zin
The Shining One

Portals:
Abyss: D:11

Annotations:
D:4 2 transporters, MatrixGlitch's ghost, amateur DsTm
D:11 1 transporter, ripuliukko's ghost, journeyman GrEE Gauntlet 13 transporters, 3 runed translucent doors


Innate Abilities, Weirdness & Mutations

You have a pair of horns on your head.
You reflexively headbutt those who attack you in melee.


Message History

The wolf is heavily wounded.
You are engulfed in calcifying dust.
The wolf barely misses you. You furiously retaliate!
You headbutt the wolf. The wolf bites you but does no damage.
You block the wolf's attack.
The tengu conjurer gestures wildly while chanting.
The tengu conjurer blinks!
You block the catoblepas's attack. You block the wolf's attack.
The wolf bites you!
* * * LOW HITPOINT WARNING * * *
The wolf bites you but does no damage.
The catoblepas gores you but does no damage.
You have turned to stone.
You are engulfed in calcifying dust.
The wolf bites you but does no damage. x2
The wolf bites you.
* * * LOW HITPOINT WARNING * * *
The wolf bites you but does no damage. x3; The catoblepas barely misses you.
The tengu conjurer stops moving altogether!
The wolf bites you but does no damage. The wolf bites you.
* * * LOW HITPOINT WARNING * * *
The wolf bites you but does no damage. x2; The catoblepas gores you!
* * * LOW HITPOINT WARNING * * *
The wolf bites you but does no damage. The wolf bites you!
* * * LOW HITPOINT WARNING * * *
The wolf bites you!
* * * LOW HITPOINT WARNING * * *
The wolf bites you but does no damage. x2
The tengu conjurer mumbles some strange words.
The tengu conjurer conjures a globe of magical energy!
The catoblepas gores you!!
* * * LOW HITPOINT WARNING * * *
A battlesphere comes into view.
The wolf bites you but does no damage. x4; The wolf completely misses you.
The wolf bites you.
* * * LOW HITPOINT WARNING * * *
The catoblepas breathes a plume of calcifying dust at you.
The blast of calcifying dust hits you but does no damage.
You are engulfed in calcifying dust.
The wolf bites you.
* * * LOW HITPOINT WARNING * * *
The wolf barely misses you.
The wolf bites you but does no damage. x2
The catoblepas gores you!
You die...

##≈....#©..8#.≈##
##..8.#...©#.##
##≈....#©..8#.≈##
#≈≈.#########.≈≈#
##≈.#..?©...#.≈##
##.#.......#.##
##≈.#.#####.#.≈##
#≈≈.#...©hhh#.≈≈#
##≈.#.#####@#.≈##
##.#*Q.*QYh#.##
##≈.#.....gk#.≈##
#≈≈.#########.≈≈#
##≈.....©.....≈##
##...........##
#≈...∩...∩...≈#
#≈≈≈#≈≈≈#≈≈≈#≈≈≈#
##≈###≈###≈###≈##


You could see a catoblepas (summoned), a rime drake (summoned), 2 tengu
conjurers, 4 wolves, a boggart and 2 battlespheres.

Vanquished Creatures
  A two-headed ogre (D:8)
  An orc knight (D:10)
  A worldbinder (Gauntlet)
  Joseph (D:8)
  Maurice (D:8)
  A gargoyle (D:10)
  A kobold demonologist (D:10)
  4 trolls
  A hornet (D:8)
  Grinder (D:4)
  Sigmund (D:7)
  A shadow (D:9)
  2 wyverns
  2 wraiths
  3 steam dragons
  A vampire mosquito (D:9)
  Menkaure (D:4)
  Duvessa (D:7)
  4 water moccasins
  3 orc warriors
  2 ice beasts
  A boggart (Gauntlet)
  2 ogres
  3 centaurs
  2 phantoms (D:9)
  3 kobold brigands
  2 scorpions
  3 bullfrogs
  A gnoll sergeant (D:5)
  Dowan (D:7)
  4 wights (D:9)
  6 killer bees
  5 howler monkeys
  2 hounds
  4 orc priests
  3 jellies
  Ijyb (D:3)
  A gnoll bouda (D:5)
  5 iguanas
  Terence (D:2)
  A sleepcap (D:7)
  Natasha (thrice) (D:3)
  9 orc wizards
  6 ogre zombies (D:9)
  19 gnolls
  5 river rats (Sewer)
  16 adders
  A shadow imp (D:6)
  3 white imps (D:7)
  7 worms
  2 dart slugs
  37 orcs
  5 endoplasms
  3 giant cockroaches
  9 hobgoblins
  6 jackals
  4 quokkas
  11 ball pythons
  A bat (D:3)
  3 frilled lizards
  7 goblins
  2 goblin skeletons (D:9)
  2 goblin zombies (D:9)
  A hobgoblin skeleton (D:9)
  30 kobolds
  4 orc skeletons (D:9)
  10 orc zombies (D:9)
  32 rats
323 creatures vanquished.

Vanquished Creatures (others)
  An orc wizard (D:2)
1 creature vanquished.

Grand Total: 324 creatures vanquished

Notes
Turn   | Place    | Note
-------+----------+-------------------------------------------
     0 | D:1      | Peloso the Minotaur Fighter began the quest for the Orb.
     0 | D:1      | Reached XP level 1. HP: 19/19 MP: 0/0
   389 | D:1      | Reached XP level 2. HP: 27/27 MP: 1/1
  1052 | D:2      | Reached skill level 3 in Long Blades
  1117 | D:2      | Reached XP level 3. HP: 30/33 MP: 2/2
  1262 | D:2      | Reached XP level 4. HP: 28/40 MP: 3/3
  1274 | D:2      | Reached skill level 4 in Long Blades
  1299 | D:2      | HP: 2/40 [poisoned by a goblin]
  1671 | D:2      | Noticed Terence
  1676 | D:2      | Killed Terence
  1845 | D:3      | Found a hide-covered altar of Uskayaw.
  1895 | D:3      | Reached XP level 5. HP: 37/47 MP: 4/4
  2129 | D:3      | Reached skill level 5 in Long Blades
  2298 | D:3      | Found a large runed translucent door.
  2299 | D:3      | Found a large runed translucent door.
  2407 | D:3      | Noticed Ijyb
  2416 | D:3      | Killed Ijyb
  2519 | D:3      | Noticed Natasha
  2522 | D:3      | Killed Natasha
  2523 | D:3      | Reached XP level 6. HP: 53/53 MP: 5/5
  2538 | D:3      | Found a faded altar of an unknown god.
  2688 | D:3      | Noticed Natasha
  2692 | D:3      | Killed Natasha
  2769 | D:3      | Noticed Natasha
  2776 | D:3      | Killed Natasha
  2948 | D:3      | Found a shimmering blue altar of Sif Muna.
  2964 | D:3      | Found a burning altar of Makhleb.
  3018 | D:4      | Reached skill level 1 in Stealth
  3104 | D:4      | Found a transporter.
  3150 | D:4      | Noticed MatrixGlitch's ghost (amateur DsTm)
  3214 | D:4      | Noticed Menkaure
  3220 | D:4      | Killed Menkaure
  3221 | D:4      | Reached skill level 6 in Long Blades
  3221 | D:4      | Reached skill level 5 in Armour
  3225 | D:4      | Reached skill level 5 in Fighting
  3403 | D:4      | Reached XP level 7. HP: 49/61 MP: 6/6
  3567 | D:4      | Noticed Grinder
  3582 | D:4      | Killed Grinder
  3583 | D:4      | Reached skill level 5 in Shields
  3878 | D:4      | Found a transporter.
  4031 | D:4      | Found a staircase to the Ecumenical Temple.
  4037 | Temple   | Entered the Ecumenical Temple
  4272 | D:5      | Entered Level 5 of the Dungeon
  4357 | D:5      | Reached skill level 7 in Long Blades
  4430 | D:5      | Reached XP level 8. HP: 14/70 MP: 7/7
  4842 | D:5      | Identified the +2 dagger of the Asp {freeze, Str+6}
  5028 | D:5      | Reached skill level 1 in Evocations
  5326 | D:6      | Found a glowing drain.
  5343 | Sewer    | Entered a sewer
  5434 | Sewer    | Reached skill level 1 in Dodging
  5589 | Sewer    | Reached skill level 8 in Long Blades
  6600 | D:6      | Reached XP level 9. HP: 23/78 MP: 8/8
  6604 | D:6      | Reached skill level 9 in Long Blades
  7524 | D:7      | Noticed Sigmund
  7686 | D:7      | Noticed Dowan
  7688 | D:7      | Killed Sigmund
  7694 | D:7      | Killed Dowan
  7694 | D:7      | Noticed Duvessa
  7713 | D:7      | Killed Duvessa
  7714 | D:7      | Reached skill level 10 in Long Blades
  7856 | D:7      | Identified the +2 mace of Uskayaw, Howling {heavy, Will+
                  | Str+2 Int+3 Dex+3}
  7924 | D:7      | Found Zonaette's Antique Armour Shoppe.
  7969 | D:7      | Found an iron altar of Okawaru.
  8150 | D:7      | Became a worshipper of Warmaster Okawaru
  8259 | D:8      | Found an ornate altar of the Wu Jian Council.
  8279 | D:8      | Paralysed by a hornet for 3 turns
  8470 | D:8      | Found a sacrificial altar of Ru.
  8484 | D:8      | Noticed Joseph
  8493 | D:8      | Killed Joseph
  8493 | D:8      | Reached * piety under Okawaru
  8494 | D:8      | Reached XP level 10. HP: 84/90 MP: 9/9
  8553 | D:8      | Noticed Maurice
  8558 | D:8      | Killed Maurice
  8684 | D:8      | Noticed a two-headed ogre
  8690 | D:8      | Killed a two-headed ogre
  8691 | D:8      | Reached skill level 11 in Long Blades
  8691 | D:8      | Reached skill level 10 in Armour
  8805 | D:8      | Reached ** piety under Okawaru
  9193 | D:9      | Found a staircase to the Orcish Mines.
  9747 | D:9      | Found a stormy altar of Qazlal.
  9827 | D:9      | Reached skill level 12 in Long Blades
 10100 | D:9      | Found a sparkling altar of Nemelex Xobeh.
 10585 | D:10     | Entered Level 10 of the Dungeon
 10872 | D:10     | Noticed an orc knight
 10896 | D:9      | Reached *** piety under Okawaru
 11264 | D:10     | Killed an orc knight
 11265 | D:10     | Reached XP level 11. HP: 70/99 MP: 6/10
 11286 | D:10     | Reached skill level 10 in Fighting
 11509 | D:10     | Reached **** piety under Okawaru
 11831 | D:11     | Found a staircase to the Lair.
 11844 | D:11     | Found a transporter.
 11852 | D:11     | Found a one-way gate to the infinite horrors of the Abyss.
 11852 | D:11     | Noticed ripuliukko's ghost (journeyman GrEE)
 11853 | D:11     | Noticed a wizard
 11853 | D:11     | Noticed a thrashing horror
 11910 | D:11     | Found a gate leading to a gauntlet.
 11919 | Gauntlet | Entered a Gauntlet
 11919 | Gauntlet | Found a transporter.
 11929 | Gauntlet | Found a transporter.
 11929 | Gauntlet | Found a transporter.
 11930 | Gauntlet | Found a transporter.
 11936 | Gauntlet | Found a runed translucent gate.
 11936 | Gauntlet | Found a runed translucent gate.
 11936 | Gauntlet | Found a runed translucent gate.
 11938 | Gauntlet | Found a transporter.
 11941 | Gauntlet | Found a transporter.
 11942 | Gauntlet | Found a transporter.
 11950 | Gauntlet | Found a transporter.
 11953 | Gauntlet | Found a transporter.
 11954 | Gauntlet | Found a transporter.
 11960 | Gauntlet | Noticed a red ugly thing
 11960 | Gauntlet | Noticed a brown ugly thing
 11965 | Gauntlet | Found a transporter.
 11966 | Gauntlet | Found a transporter.
 11970 | Gauntlet | Found a transporter.
 11970 | Gauntlet | Noticed a dire elephant
 11971 | Gauntlet | Noticed a glowing orange brain
 11974 | Gauntlet | Found a transporter.
 12112 | Gauntlet | Noticed a glowing orange brain
 12175 | Gauntlet | Noticed a catoblepas
 12188 | Gauntlet | HP: 3/100 [catoblepas[a boggart] (8)]
 12190 | Gauntlet | Slain by a catoblepas

Illustrated notes

Levels and vault maps discovered:
D:1:      psy_arrival_whirlpool, layout_basic, serial_co_window_serial,
          co_window_corner_a, co_window_paths_a, co_window_paths_a,
          co_window_corner_a, co_window_of_opportunity_a, co_window_cross_3,
          co_window_unsneaky_path_b, co_window_broadway_b, co_window_2corner,
          glass_columns_a, glass_columns_a, glass_columns_a, glass_columns_b,
          minivault_27, grunt_decor_arrowhead
D:2:      layout_loops_ring, uniq_terence
D:3:      layout_loops_ring, overflow_temple_1_default, jmf_multi_god_temple2,
          dilly_ecumenical_altar_fadedgnrine, grunt_ministairs_15, uniq_ijyb,
          uniq_natasha
D:4:      layout_loops_ring, minmay_temple_entry_fiery,
          gammafunk_ghost_stat_death, uniq_menkaure, uniq_grinder
D:5:      layout_rooms
D:6:      layout_basic, lightli_sewer_entry_pipes
D:7:      layout_rooms, okawaru_metal_pillars_1_2, serial_shops,
          nicolae_shop_tiny_waterfront, sigmund_army, uniq_duvessa
D:8:      layout_loops_ring, nzn_wu_jian_contemplation, marbit_many_paths,
          hangedman_decor_opposing, hangedman_decor_lopped, uniq_maurice,
          uniq_joseph
D:9:      layout_irregular_city, mainiacjoe_overflow_boulevard,
          mainiacjoe_overflow_brackets, zombieorc1_lemuel,
          statue_in_the_mist_lemuel
D:10:     hangedman_cross_stitches, layout_cave_pools
D:11:     layout_cave_pods, david_lair_generic, gauntlet_entry_generic,
          gammafunk_ghost_abyssal_escape
Temple:   nicolae_temple_superstar
Gauntlet: gammafunk_gauntlet_77_escape_option
          [minmay_gauntlet_arena_77_chump_sandwich,
          minmay_gauntlet_arena_77_run_for_it, minmay_gauntlet_arena_77_fan,
          minmay_gauntlet_arena_77_two_lines,
          minmay_gauntlet_arena_77_broken_ladder, gauntlet_exit_watery]

Skill      XL: |  1  2  3  4  5  6  7  8  9 10 11 |
---------------+----------------------------------+-----
Fighting       | 4 5 6 8 9 10 | 10.2
Armour         | 4 5 6 8 9 11 | 11.7
Long Blades    | 3 4 5 6 7 8 10 12 | 12.6
Shields        | 4 5 7 8 |  8.6
Stealth        | 1 |  1.4
Evocations     | 1 |  1.7
Dodging        | 1 2 |  2.2
Invocations    | |  0.4

Action                     |  1- 3 |  4- 6 |  7- 9 | 10-12 || total
---------------------------+-------+-------+-------+-------++-------
  Melee: Long sword        |    79 |   155 |   433 |   282 ||   949
         Headbutt          |     8 |    21 |    76 |    66 ||   171
 Invoke: Heroism           |       |       |       |     3 ||     3
  Evoke: Wand              |       |     1 |     4 |     8 ||    13
    Use: Potion            |     3 |       |       |     2 ||     5
         Scroll            |       |     2 |     8 |     7 ||    17
   Stab: Invisible         |       |       |       |     4 ||     4
 Armour: Scale mail        |    29 |    10 |       |       ||    39
         Chain mail        |       |    62 |   204 |       ||   266
         Plate armour      |       |       |    50 |   220 ||   270
  Dodge: Dodged            |    35 |    64 |   208 |   105 ||   412
  Block: Buckler           |    21 |    41 |   137 |   106 ||   305
